[Event "POL-chT 1 Liga 2019"]
[Site "Dzwirzyno"]
[Date "2019.09.11"]
[Round "5.29"]
[White "Kucza, Karol"]
[Black "Rogala, Milosz"]
[Result "1-0"]
[ECO "B17"]
[WhiteElo "2280"]
[BlackElo "1788"]
[Annotator "NA"]
[PlyCount "119"]
[EventDate "2019.09.07"]
[EventType "team-tourn"]
[EventCountry "POL"]
[SourceTitle "playchess.com"]
[Source "ChessBase"]
[SourceQuality "1"]
[TimeControl "40/5400+30:1800+30"]

1. e4 c6 2. d4 d5 3. Nc3 dxe4 4. Nxe4 Nd7 5. Ng5 Ngf6 6. Bd3 e6 7. N1f3 Bd6 8. Qe2 h6 9. Ne4 Nxe4 10. Qxe4 Nf6 11. Qe2 b6 12. O-O O-O 13. b3 Bb7 14. c4 c5 15. dxc5 Bxc5 16. Bb2 Qe7 17. Rad1 Rfd8 18. Ne5 a5 19. Bc2 Rxd1 20. Rxd1 Rd8 21. h3 Qc7 22. Rxd8+ Qxd8 23. Qd3 Qxd3 24. Nxd3 Bd6 25. f3 Nd7 26. Kf2 Nc5 27. Ke3 f6 28. Nxc5 Bxc5+ 29. Bd4 Kf7 30. Kd3 Ke7 31. Bxc5+ bxc5 32. Kc3 f5 33. a3 Kd6 34. b4 axb4+ 35. axb4 cxb4+ 36. Kxb4 Bc6 37. c5+ Kc7 38. Kc3 Bb5 39. g3 Bc6 40. f4 Bg2 41. h4 Bd5 42. Kd4 Ba2 43. Ba4 Bd5 44. Ke5 Ba2 45. Be8 Bd5 46. Bb5 Bb3 47. Kd4 Bd5 48. Ba4 Ba2 49. Be8 Bb3 50. Bb5 Bd5 51. Bc4 Be4 52. Bxe6 Kc6 53. g4 g6 54. g5 hxg5 55. hxg5 Bb1 56. Bf7 Be4 57. Bxg6 Bb1 58. Be8+ Kc7 59. Ke5 Kd8 60. Bg6 1-0